 Dungeon Crawl Stone Soup version 0.28.0-43-g3370ac3207 (webtiles) character file.

Game seed: 8139829213206153726

25 cmymind4 the Grave Robber (level 3, 0/24 HPs)
             Began as a Human Necromancer on Mar 10, 2022.
             Slain by an orc
             ... wielding a +0 club
              (3 damage)
             ... on level 3 of the Dungeon.
             The game lasted 00:19:57 (1512 turns).

cmymind4 the Grave Robber (Human Necromancer)       Turns: 1512, Time: 00:20:00

Health: 0/24       AC:  2    Str: 10    XL:     3   Next: 20%
Magic:  1/6        EV: 12    Int: 15    God:
Gold:   52         SH:  0    Dex: 13    Spells: 5/6 levels left

rFire   . . .      SeeInvis .   c - +0 dagger
rCold   . . .      Faith    .   (no shield)
rNeg    . . .      Spirit   .   a - +0 robe
rPois   .          Reflect  .   (no helmet)
rElec   .          Harm     .   (no cloak)
rCorr   .          Rampage  .   (no gloves)
Will    .....                   (no boots)
Stlth   ++........              (no amulet)
HPRegen 0.08/turn               (no ring)
MPRegen 0.10/turn               (no ring)

@: no status effects
A: no striking features
a: no special abilities


You were on level 3 of the Dungeon.
You visited 1 branch of the dungeon, and saw 3 of its levels.

You collected 52 gold pieces.

Inventory:

Hand Weapons
 c - a +0 dagger (weapon)
 h - the +8 spear "Wuschyl" {flame, rPois Will+ Int+2}
   (You found it on level 2 of the Dungeon)

   It burns those it strikes, dealing additional fire damage.
   Int:       It affects your intelligence (+2).
   rPois:     It protects you from poison.
   Will:      It increases your willpower.
Armour
 a - a +0 robe (worn)
 d - a +0 plate armour
Scrolls
 b - a scroll of identify {unknown}
 e - a scroll of immolation {unknown}
 i - a scroll of noise {unknown}
Potions
 f - a potion of brilliance {unknown}
 g - a potion of heal wounds {unknown}


   Skills:
 + Level 0.2 Fighting
 + Level 0.1 Short Blades
 + Level 2.3 Dodging
 + Level 2.1 Stealth
 + Level 2.2 Spellcasting
 + Level 4.4 Necromancy


You had 5 spell levels left.
You knew the following spells:

 Your Spells              Type           Power      Damage    Failure   Level
a - Pain                  Necr           56%        1d6       3%          1

Your spell library contained the following spells:

 Spells                   Type           Power      Damage    Failure   Level
 Animate Skeleton         Necr           28%        N/A       3%          1
 Vampiric Draining        Necr           14%        2d7       11%         3
 Animate Dead             Necr           7%         N/A       34%         4
 Agony                    Necr           14%        N/A       69%         5


Dungeon Overview and Level Annotations

Branches:
Dungeon (3/15)

Altars:


Message History

Confirm with . or Enter, or press ? or * to list all spells.
Aiming: Pain (safe; 3% risk of failure)
Press: ? - help, Shift-Dir - straight line, f - orc, p - orc
Aim: an orc, wielding a +0 hand axe (chance to affect: 84%)
The orc barely resists.
You barely miss the orc. The orc closely misses you. x2
You hit the orc.
The orc is moderately wounded.
The bat hits you but does no damage. The bat barely misses you.
The orc hits you with a +0 hand axe. The orc barely misses you.
You barely miss the orc.
The orc is moderately wounded.
The bat closely misses you. The orc hits you with a +0 hand axe.
The orc misses you.
Casting: Pain (safe; 3% risk of failure)
Confirm with . or Enter, or press ? or * to list all spells.
Aiming: Pain (safe; 3% risk of failure)
Press: ? - help, Shift-Dir - straight line, f/p - orc
Aim: an orc, wielding a +0 hand axe (moderately wounded, chance to affect: 84%)
The orc writhes in agony.
The bat hits you. The orc closely misses you.
The orc hits you with a +0 short sword.
Casting: Pain (safe; 3% risk of failure)
Confirm with . or Enter, or press ? or * to list all spells.
Aiming: Pain (safe; 3% risk of failure)
Press: ? - help, Shift-Dir - straight line, f/p - orc
Aim: an orc, wielding a +0 hand axe (severely wounded, chance to affect: 84%)
The orc writhes in agony.
You kill the orc!
The bat hits you.
* * * LOW HITPOINT WARNING * * *
The orc hits you with a +0 short sword.
* * * LOW HITPOINT WARNING * * *
Casting: Pain (safe; 3% risk of failure)
Confirm with . or Enter, or press ? or * to list all spells.
Aiming: Pain (safe; 3% risk of failure)
Press: ? - help, Shift-Dir - straight line, f - orc
Aim: an orc, wielding a +0 club and wearing a +0 leather armour (moderately wounded, chance to affect: 84%)
The orc writhes in agony.
The bat closely misses you. The orc hits you but does no damage.
The orc hits you with a +0 club.
You die...

..... ... ..... ... #..#
.. ....# #.# #... ...
....# #.# #..###... ..#
#.# #........ #
#.#####.## #.......
###.#......####.....
.............##..##.#.#.
...............(@o......
###..........#.#.o......
# #............#b.......
# #............#.#######
# #............#..
#....#####.....#.#
#....# ####..... ..
#..#.. ..#..


You could see 2 orcs and a bat.

Vanquished Creatures
  A dart slug (D:1)
  An orc (D:3)
  3 ball pythons
  2 bats (D:1)
  An endoplasm (D:2)
  A giant cockroach (D:1)
  2 goblins
  2 hobgoblins (D:1)
  2 quokkas (D:1)
  5 frilled lizards
  A kobold (D:1)
21 creatures vanquished.

Notes
Turn   | Place    | Note
-------+----------+-------------------------------------------
     0 | D:1      | cmymind4 the Human Necromancer began the quest for the Orb.
     0 | D:1      | Reached XP level 1. HP: 13/13 MP: 3/3
   445 | D:1      | Reached XP level 2. HP: 18/19 MP: 3/5
  1349 | D:2      | Identified the +8 spear "Wuschyl" {flame, rPois Will+
                  | Int+2}
  1411 | D:2      | Reached XP level 3. HP: 22/24 MP: 6/6
  1512 | D:3      | Slain by an orc

Illustrated notes

Levels and vault maps discovered:
D:1:      dpeg_arrival_central, layout_basic
D:2:      layout_basic, minmay_tromino_v4_c
D:3:      layout_basic, mainiacjoe_overflow_surrounded_room, uniq_grinder

Action                   || total
-------------------------++-------
Melee: Unarmed           ||     7
       Dagger            ||    65
       Punch             ||     1
 Cast: Pain              ||    16
 Stab: Sleeping          ||     2
Armor: Robe              ||    28
Dodge: Dodged            ||    68
